 Dungeon Crawl Stone Soup version 0.19-b1-4-gd8a0a2a (webtiles) character file.

37 tv1990 the Chopper (level 3, 0/30 HPs)
             Began as a Formicid Monk on Oct 30, 2016.
             Succumbed to an orc's poison
             ... on level 2 of the Dungeon.
             The game lasted 00:02:43 (980 turns).

tv1990 the Chopper (Formicid Monk)                   Turns: 980, Time: 00:02:43

Health: 0/30       AC: 11    Str: 15    XL:     3   Next: 60%
Magic:  3/3        EV:  4    Int:  9    God:
Gold:   30         SH:  0    Dex: 14    Spells: 0 memorised, 2 levels left

rFire  . . .     SeeInvis +     a - +1 hand axe
rCold  . . .     Gourm    .     j - +0 plate armour
rNeg   . . .     Faith    .     (no shield)
rPois  .         Spirit   .     (helmet unavailable)
rElec  .         Reflect  .     (no cloak)
rCorr  .         Harm     .     e - +0 pair of gloves
MR     .....                    (no boots)
Stlth  ..........               f - amulet of inaccuracy (curse)
                                (no ring)
                                (no ring)

@: lethally poisoned (0 -> -5), very slightly contaminated, drained
A: permanent stasis, dig shafts and tunnels, four strong arms, antennae 3
a: Dig, Shaft Self


You were on level 2 of the Dungeon.
You were hungry.

You visited 1 branch of the dungeon, and saw 2 of its levels.

You collected 30 gold pieces.

Inventory:

Hand Weapons
 a - a +1 hand axe (weapon)
Armour
 b - a +0 robe
 e - a +0 pair of gloves (worn)
 j - a +0 plate armour (worn)
Jewellery
 f - a cursed amulet of inaccuracy (around neck)
 h - an uncursed amulet of faith {unknown}
Comestibles
 c - a bread ration
 d - 4 chunks of flesh
 g - a meat ration


   Skills:
 + Level 3.7(3.3) Fighting
 * Level 3.8(3.4) Axes
 + Level 0.9(0.5) Armour
 - Level 2.6(2.2) Dodging
 - Level 2.4(2.0) Stealth


You had 2 spell levels left.
You didn't know any spells.

Dungeon Overview and Level Annotations

Branches:
Dungeon (2/15)

Altars:


Innate Abilities, Weirdness & Mutations

You are under a permanent stasis effect.
You can dig through walls and to a lower floor.
Your four strong arms can wield two-handed weapons with a shield.
You have a pair of large antennae on your head. (SInv)


Message History

* * * LOW HITPOINT WARNING * * *
You feel sick. The orc hits you but does no damage.
Things that are here:
a spear of chaos; a club of chaos; an orc corpse You closely miss the orc.
The orc is almost dead.
The orc barely misses you.
You closely miss the orc.
The orc is almost dead.
* * * LOW HITPOINT WARNING * * *
You feel sick.
The orc shouts!
The orc barely misses you.
You hit the orc.
You kill the orc!
* * * LOW HITPOINT WARNING * * *
You feel sick.
Things that are here:
a club of chaos; an orc corpse You die...

....>........#..# ≈#
#>.
............#.≈≈#..#
#..
............#^#≈.!.#
#..
............#.≈#≈#.≈
#..
........##.#.#≈...#
#..
........##..#≈.≈.≈..
#.#
.......)....##.....≈
#.#
########..o..###.≈?.
##.# #.@....## .##
.#.# ##.......#####
.#.#
##)##.###.#.#####.#.#
#)###.# #.#.......#.#
##.##.# #........##.#
####.# #...........#
#.# #........#### .#
#........# #........#


You could see an orc.

Vanquished Creatures
  2 leopard geckos
  3 orcs (D:2)
  4 goblins
  7 hobgoblins (D:1)
  4 jackals (D:2)
  A ball python (D:1)
  2 bats (D:1)
  2 kobolds
  3 rats (D:1)
28 creatures vanquished.

Notes
Turn   | Place    | Note
-------+----------+-------------------------------------------
     0 | D:1      | tv1990 the Formicid Monk began the quest for the Orb.
     0 | D:1      | Reached XP level 1. HP: 18/18 MP: 1/1
   106 | D:1      | Reached XP level 2. HP: 8/24 MP: 2/2
   808 | D:1      | Reached XP level 3. HP: 29/29 MP: 3/3
   977 | D:2      | HP: 1/30 [poisoned by an orc]
   980 | D:2      | Succumbed to an orc's poison

Action                   || total
-------------------------++-------
Melee: Hand axe          ||   122
 Abil: Dig               ||     2
  Use: Scroll            ||     1
       Potion            ||     1
 Stab: Sleeping          ||     1
       Invisible         ||     2
Armor: Robe              ||    20
       Plate armour      ||    13
Dodge: Dodged            ||    86

Table legend:
 A = Turns spent in this place as a percentage of turns spent in the entire game.
 B = Non-inter-level travel turns spent in this place as a percentage of non-inter-level travel turns spent in the entire game.
 C = Inter-level travel turns spent in this place as a percentage of turns spent in this place.
 D = Turns resting spent in this place as a percentage of non-inter-level travel turns spent in this place.
 E = Turns spent auto-exploring this place as a percentage of non-inter-level travel turns spent in this place.
 F = Non-inter-level travel turns spent in this place divided by the number of levels of this place that you've seen.
                   A       B       C       D       E      F
               +-------+-------+-------+-------+-------+----------------------
         Total | 100.0 | 100.0 |   0.6 |   1.5 |  12.0 | 163.0
       Dungeon | 100.0 | 100.0 |   0.6 |   1.5 |  12.0 | 163.0
               +-------+-------+-------+-------+-------+----------------------

Table legend:
 A = Kills in this place as a percentage of kills in entire the game.
 B = Kills by you in this place as a percentage of kills by you in the entire game.
 C = Kills by friends in this place as a percentage of kills by friends in the entire game.
 D = Other kills in this place as a percentage of other kills in the entire game.
 E = Experience gained in this place as a percentage of experience gained in the entire game.
 F = Experience gained in this place divided by the number of levels of this place that you have seen.
                   A       B       C       D       E      F
               +-------+-------+-------+-------+-------+----------------------
         Total | 100.0 | 100.0 |  -nan |  -nan | 100.0 |  26.5
       Dungeon | 100.0 | 100.0 |  -nan |  -nan | 100.0 |  26.5
               +-------+-------+-------+-------+-------+----------------------

Vault maps used:
D:1:      ncdulo_halloftheorcs
D:2:      tgw_xom
